HSSL
BROKEN ARROW HS @ INDIANAPOLIS HS RIFLES
05/07/2030
 
TOP OF THE 1ST
Broken Arrow HS batting - Pitching for Indianapolis HS Rifles : RHP Martin Kelley
Pitching: RHP Martin Kelley
Batting: RHB Bo Long 0-0: Called Strike
0-1: Fly out, F9 (Flyball, 9LSF)
Batting: RHB Donnie Bryan 0-0: Ball
1-0: Called Strike
1-1: SINGLE (Flyball, 89M)
Batting: LHB Michael Keller 0-0: Called Strike
0-1: Ball
1-1: Foul Ball, location: 2F
1-2: 2-RUN HOME RUN (Flyball, 9LD), Distance : 358 ft
Batting: RHB Alejandro Vélez 0-0: Ball
1-0: SINGLE (Line Drive, 6M)
Batting: LHB Mac Little 0-0: Ball
1-0: Foul Ball, location: 2F
1-1: Foul Ball, location: 2F
1-2: Ball
2-2: Ball
3-2: SINGLE (Groundball, 4D)
Alejandro Vélez to second
Runner from 2nd tries for 3rd, OUT!
Mac Little to second
Batting: LHB John Tidwell 0-0: Called Strike
0-1: Ball
1-1: Ball
2-1: Ball
3-1: Foul Ball, location: 2F
3-2: Base on Balls
Batting: RHB James Thompson 0-0: Ball
1-0: Foul Ball, location: 2F
1-1: Ball
2-1: Ball
3-1: Called Strike
3-2: Strikes out looking
Top of the 1st over - 2 runs, 4 hits, 0 errors, 2 left on base; Broken Arrow HS 2 - Indianapolis HS 0
BOTTOM OF THE 1ST
Indianapolis HS Rifles batting - Pitching for Broken Arrow HS : RHP Rod Jordan
Pitching: RHP Rod Jordan
Batting: SHB Jason Frazer 0-0: Ball
1-0: Ball
2-0: Called Strike
2-1: Foul Ball, location: 2F
2-2: SINGLE (Line Drive, 4MD)
Batting: LHB Henry Fairchild 0-0: Foul Ball, location: 2F
0-1: Swinging Strike
0-2: Ball
1-2: Ball
2-2: Ball
3-2: Foul Ball, location: 2F
3-2: Foul Ball, location: 2F
3-2: 2-RUN HOME RUN (Flyball, 9LD), Distance : 363 ft
Batting: RHB Raymond Young 0-0: Ball
1-0: Swinging Strike
1-1: Foul Ball, location: 2F
1-2: Ball
2-2: SINGLE (Line Drive, 6M)
Batting: RHB Jason Tomlin 0-0: Ball
1-0: Foul Ball, location: 2F
1-1: Ball
2-1: Ball
3-1: DOUBLE (Groundball, 3L)
Raymond Young to third
Batting: RHB Dale Messer 0-0: Ball
1-0: Foul Ball, location: 2F
1-1: Ball
2-1: DOUBLE (Line Drive, 7LM)
Raymond Young scores
Jason Tomlin scores
Batting: RHB Gregg King 0-0: Called Strike
0-1: Ball
1-1: Fly out, F9 (Flyball, 89M)
Runner from 2nd tags up, SAFE at 3rd with throw
Batting: RHB Dave Bennett 0-0: Fly out, F6 (Flyball, 56D)
Batting: RHB David Davis 0-0: Ball
1-0: SINGLE (Flyball, 89S)
Dale Messer scores
Batting: RHB Paul Webster 0-0: Called Strike
0-1: Ball
1-1: Ball
2-1: Ground out 6-3 (Groundball, 6S)
Bottom of the 1st over - 5 runs, 6 hits, 0 errors, 1 left on base; Broken Arrow HS 2 - Indianapolis HS 5
TOP OF THE 2ND
Broken Arrow HS batting - Pitching for Indianapolis HS Rifles : RHP Martin Kelley
Batting: RHB Paul Dowd 0-0: Foul Ball, location: 2F
0-1: Called Strike
0-2: Strikes out swinging
Batting: RHB Keith Dailey 0-0: Ball
1-0: Ball
2-0: Foul Ball, location: 2F
2-1: Fly out, F7 (Flyball, 7S)
Batting: RHB Bo Long 0-0: Called Strike
0-1: Ball
1-1: Ball
2-1: Foul Ball, location: 2F
2-2: SINGLE (Line Drive, 56)
Batting: RHB Donnie Bryan 0-0: Called Strike
0-1: Fly out, F9 (Flyball, 89S)
Top of the 2nd over - 0 runs, 1 hit, 0 errors, 1 left on base; Broken Arrow HS 2 - Indianapolis HS 5
BOTTOM OF THE 2ND
Indianapolis HS Rifles batting - Pitching for Broken Arrow HS : RHP Rod Jordan
Batting: SHB Jason Frazer 0-0: Ball
1-0: Swinging Strike
1-1: Foul Ball, location: 2F
1-2: Ball
2-2: Ground out 1-3 (Groundball, 13)
Batting: LHB Henry Fairchild 0-0: Ball
1-0: Called Strike
1-1: Called Strike
1-2: Strikes out swinging
Batting: RHB Raymond Young 0-0: Foul Ball, location: 2F
0-1: Foul Ball, location: 2F
0-2: Ball
1-2: Strikes out looking
Bottom of the 2nd over - 0 runs, 0 hits, 0 errors, 0 left on base; Broken Arrow HS 2 - Indianapolis HS 5
TOP OF THE 3RD
Broken Arrow HS batting - Pitching for Indianapolis HS Rifles : RHP Martin Kelley
Batting: LHB Michael Keller 0-0: Ball
1-0: Swinging Strike
1-1: Ball
2-1: Foul Ball, location: 2F
2-2: Ground out 4-3 (Groundball, 4M)
Batting: RHB Alejandro Vélez 0-0: Ball
1-0: Ball
2-0: Called Strike
2-1: Ball
3-1: SINGLE (Groundball, 56D)
Batting: LHB Mac Little 0-0: DOUBLE (Flyball, 78D)
Alejandro Vélez to third
Batting: LHB John Tidwell 0-0: Called Strike
0-1: Ground out 4-3 (Groundball, 34)
Alejandro Vélez scores
Mac Little to third
Batting: RHB James Thompson 0-0: Ball
1-0: Foul Ball, location: 2F
1-1: Ball
2-1: Ball
3-1: Foul Ball, location: 2F
3-2: Ground out 6-3 (Groundball, 6)
Top of the 3rd over - 1 run, 2 hits, 0 errors, 1 left on base; Broken Arrow HS 3 - Indianapolis HS 5
BOTTOM OF THE 3RD
Indianapolis HS Rifles batting - Pitching for Broken Arrow HS : RHP Rod Jordan
Batting: RHB Jason Tomlin 0-0: Called Strike
0-1: Ball
1-1: Ground out 1-3 (Groundball, 15)
Batting: RHB Dale Messer 0-0: Called Strike
0-1: Swinging Strike
0-2: Ball
1-2: Ball
2-2: Strikes out swinging
Batting: RHB Gregg King 0-0: Ball
1-0: Ball
2-0: Called Strike
2-1: Swinging Strike
2-2: Ball
3-2: Strikes out looking
Bottom of the 3rd over - 0 runs, 0 hits, 0 errors, 0 left on base; Broken Arrow HS 3 - Indianapolis HS 5
TOP OF THE 4TH
Broken Arrow HS batting - Pitching for Indianapolis HS Rifles : RHP Martin Kelley
Batting: RHB Paul Dowd 0-0: Called Strike
0-1: Foul Ball, location: 2F
0-2: Ball
1-2: Fly out, F3 (Line Drive, 3L)
Batting: RHB Keith Dailey 0-0: Ball
1-0: Called Strike
1-1: Fly out, F5 (Popup, 5D)
Batting: RHB Bo Long 0-0: Ball
1-0: Ball
2-0: Ball
3-0: Called Strike
3-1: Base on Balls
Batting: RHB Donnie Bryan 0-0: Ball
1-0: Ball
2-0: Fielders Choice at 2nd, 6-4 (Groundball, 6)
Top of the 4th over - 0 runs, 0 hits, 0 errors, 1 left on base; Broken Arrow HS 3 - Indianapolis HS 5
BOTTOM OF THE 4TH
Indianapolis HS Rifles batting - Pitching for Broken Arrow HS : RHP Rod Jordan
Batting: RHB Dave Bennett 0-0: SINGLE (Groundball, 6) (infield hit)
Batting: RHB David Davis 0-0: Ball
1-0: Ball
2-0: Called Strike
2-1: Foul Ball, location: 2F
2-2: Strikes out swinging
Batting: RHB Paul Webster 0-0: Ball
1-0: Called Strike
1-1: Foul Ball, location: 2F
1-2: SINGLE (Flyball, 78S)
Dave Bennett to second
Batting: SHB Jason Frazer 0-0: Called Strike
0-1: Foul Ball, location: 2F
0-2: Ball
1-2: Ball
2-2: Ball
3-2: Foul Ball, location: 2F
3-2: Base on Balls
Dave Bennett to third
Paul Webster to second
Pitching: RHP Elvin Pierce
Batting: LHB Henry Fairchild 0-0: Called Strike
0-1: Ball
1-1: Foul Ball, location: 2F
1-2: Fly out, F3 (Line Drive, 3)
Lined into DP, 3-6 (Line Drive, 3)
Bottom of the 4th over - 0 runs, 2 hits, 0 errors, 2 left on base; Broken Arrow HS 3 - Indianapolis HS 5
TOP OF THE 5TH
Broken Arrow HS batting - Pitching for Indianapolis HS Rifles : RHP Martin Kelley
Batting: LHB Michael Keller 0-0: Swinging Strike
0-1: Foul Ball, location: 2F
0-2: Ball
1-2: Ground out 1-3 (Groundball, 15S)
Pitching: RHP Eric O'Rourke
Batting: RHB Alejandro Vélez 0-0: Ball
1-0: Ball
2-0: DOUBLE (Line Drive, 78D)
Batting: LHB Mac Little 0-0: Ball
1-0: Called Strike
1-1: Ground out 6-3 (Groundball, 6)
Batting: LHB John Tidwell 0-0: Called Strike
0-1: Called Strike
0-2: Strikes out swinging
Top of the 5th over - 0 runs, 1 hit, 0 errors, 1 left on base; Broken Arrow HS 3 - Indianapolis HS 5
BOTTOM OF THE 5TH
Indianapolis HS Rifles batting - Pitching for Broken Arrow HS : RHP Elvin Pierce
Batting: RHB Raymond Young 0-0: Ball
1-0: Swinging Strike
1-1: Swinging Strike
1-2: Fly out, F8 (Flyball, 8RXD)
Batting: RHB Jason Tomlin 0-0: Ball
1-0: Swinging Strike
1-1: Ball
2-1: Called Strike
2-2: Ball
3-2: Foul Ball, location: 2F
3-2: Base on Balls
Batting: RHB Dale Messer 0-0: Ball
1-0: Foul Ball, location: 2F
1-1: Foul Ball, location: 2F
1-2: DOUBLE (Line Drive, 8LD)
Jason Tomlin to third
Jason Tomlin scores
Batting: RHB Gregg King 0-0: Ball
1-0: Swinging Strike
1-1: Foul Ball, location: 2F
1-2: Ball
2-2: Strikes out swinging
Batting: RHB Dave Bennett 0-0: Foul Ball, location: 2F
0-1: DOUBLE (Line Drive, 7LD)
Dale Messer scores
Batting: RHB David Davis 0-0: Called Strike
0-1: Ball
1-1: Ball
2-1: Ball
3-1: Called Strike
3-2: Foul Ball, location: 2F
3-2: SINGLE (Line Drive, 5D)
Dave Bennett to third
Dave Bennett scores
Batting: RHB Paul Webster 0-0: TRIPLE (Line Drive, 89XD)
David Davis scores
Pitching: LHP Alonso Villanueva
Batting: SHB Jason Frazer 0-0: Reached on error, E1 (Groundball, 15S)
Paul Webster scores
Batting: LHB Henry Fairchild 0-0: Ball
1-0: Ball
2-0: Called Strike
2-1: SINGLE (Line Drive, 9LS)
Jason Frazer to second
Runner from 2nd tries for 3rd, SAFE, no throw
Batting: RHB Raymond Young 0-0: Foul Ball, location: 2F
0-1: Ball
1-1: Swinging Strike
1-2: Ball
2-2: Foul Ball, location: 2F
2-2: Foul Ball, location: 2F
2-2: Foul Ball, location: 2F
2-2: Foul Ball, location: 2F
2-2: Ball
3-2: Fly out, F6 (Line Drive, 6)
Bottom of the 5th over - 5 runs, 5 hits, 1 error, 2 left on base; Broken Arrow HS 3 - Indianapolis HS 10
TOP OF THE 6TH
Broken Arrow HS batting - Pitching for Indianapolis HS Rifles : RHP Eric O'Rourke
Batting: RHB James Thompson 0-0: Ball
1-0: Called Strike
1-1: Ball
2-1: Ground out 1-3 (Groundball, P)
Batting: RHB Paul Dowd 0-0: Ball
1-0: SINGLE (Flyball, 9LS)
Batting: RHB Keith Dailey 0-0: Ball
1-0: Ball
2-0: Ball
3-0: Base on Balls
Paul Dowd to second
Batting: RHB Bo Long 0-0: Called Strike
0-1: Swinging Strike
0-2: Foul Ball, location: 2F
0-2: Ball
1-2: Ball
2-2: Strikes out swinging
Batting: RHB Donnie Bryan 0-0: Called Strike
0-1: Foul Ball, location: 2F
0-2: Strikes out swinging
Top of the 6th over - 0 runs, 1 hit, 0 errors, 2 left on base; Broken Arrow HS 3 - Indianapolis HS 10
BOTTOM OF THE 6TH
Indianapolis HS Rifles batting - Pitching for Broken Arrow HS : LHP Alonso Villanueva
Batting: RHB Jason Tomlin 0-0: Ball
1-0: DOUBLE (Line Drive, 9LM)
Batting: RHB Dale Messer 0-0: Ground out 6-3 (Groundball, 6)
Jason Tomlin to third
Batting: RHB Gregg King 0-0: Ball
1-0: Fly out, F8 (Flyball, 89M)
Batting: RHB Dave Bennett 0-0: Called Strike
0-1: Called Strike
0-2: Strikes out swinging
Bottom of the 6th over - 0 runs, 1 hit, 0 errors, 1 left on base; Broken Arrow HS 3 - Indianapolis HS 10
TOP OF THE 7TH
Broken Arrow HS batting - Pitching for Indianapolis HS Rifles : RHP Eric O'Rourke
Batting: LHB Michael Keller 0-0: Called Strike
0-1: Ball
1-1: Ball
2-1: Foul Ball, location: 2F
2-2: Strikes out looking
Batting: RHB Alejandro Vélez 0-0: Ball
1-0: Ball
2-0: Ball
3-0: Called Strike
3-1: SINGLE (Line Drive, 4MD)
Pitching: RHP Ray Owens
Batting: LHB Mac Little 0-0: Fly out, F7 (Flyball, 78D)
Batting: LHB John Tidwell 0-0: Called Strike
0-1: Foul Ball, location: 2F
0-2: Strikes out looking
Top of the 7th over - 0 runs, 1 hit, 0 errors, 1 left on base; Broken Arrow HS 3 - Indianapolis HS 10
BOTTOM OF THE 7TH
Indianapolis HS Rifles batting - Pitching for Broken Arrow HS : LHP Alonso Villanueva
Batting: RHB David Davis 0-0: SOLO HOME RUN (Flyball, 7D), Distance : 379 ft
Batting: RHB Paul Webster 0-0: Ball
1-0: DOUBLE (Flyball, 89D)
Batting: SHB Jason Frazer 0-0: Called Strike
0-1: Ball
1-1: Foul Ball, location: 2F
1-2: Ball
2-2: SINGLE (Line Drive, 56D)
Paul Webster to third
Batting: LHB Henry Fairchild 0-0: Fly out, F3 (Popup, 3SF)
Batting: RHB Raymond Young 0-0: Grounds into double play, 5-4-3 (Groundball, 5)
Bottom of the 7th over - 1 run, 3 hits, 0 errors, 1 left on base; Broken Arrow HS 3 - Indianapolis HS 11
TOP OF THE 8TH
Broken Arrow HS batting - Pitching for Indianapolis HS Rifles : RHP Ray Owens
Now in CF: Chris Chambers
Batting: RHB James Thompson 0-0: Ball
1-0: Ball
2-0: Called Strike
2-1: Foul Ball, location: 2F
2-2: Strikes out looking
Batting: RHB Paul Dowd 0-0: Foul Ball, location: 2F
0-1: Ball
1-1: Foul Ball, location: 2F
1-2: Strikes out swinging
Batting: RHB Keith Dailey 0-0: Called Strike
0-1: Ball
1-1: Foul Ball, location: 2F
1-2: Ball
2-2: Ball
3-2: Strikes out swinging
Top of the 8th over - 0 runs, 0 hits, 0 errors, 0 left on base; Broken Arrow HS 3 - Indianapolis HS 11
BOTTOM OF THE 8TH
Indianapolis HS Rifles batting - Pitching for Broken Arrow HS : LHP Alonso Villanueva
Batting: RHB Jason Tomlin 0-0: Called Strike
0-1: Foul Ball, location: 2F
0-2: Ball
1-2: Ball
2-2: Ball
3-2: Ground out 4-3 (Groundball, 4D)
Batting: RHB Dale Messer 0-0: Called Strike
0-1: Foul Ball, location: 2F
0-2: Foul Ball, location: 2F
0-2: Ball
1-2: Ball
2-2: Foul Ball, location: 2F
2-2: SINGLE (Groundball, 6D)
Batting: RHB Gregg King 0-0: Ball
1-0: Ball
2-0: Called Strike
2-1: Ball
3-1: Base on Balls
Dale Messer to second
Batting: RHB Dave Bennett 0-0: Called Strike
0-1: Swinging Strike
0-2: Ball
1-2: Ball
2-2: Strikes out swinging
Batting: RHB David Davis 0-0: Ball
1-0: Ball
2-0: Ball
3-0: Base on Balls
Dale Messer to third
Gregg King to second
Batting: SHB Chris Chambers 0-0: Ball
1-0: Fielders Choice at 2nd, 6-4 (Groundball, 6)
Bottom of the 8th over - 0 runs, 1 hit, 0 errors, 3 left on base; Broken Arrow HS 3 - Indianapolis HS 11
TOP OF THE 9TH
Broken Arrow HS batting - Pitching for Indianapolis HS Rifles : RHP Ray Owens
Batting: RHB Bo Long 0-0: Ball
1-0: Ball
2-0: SINGLE (Groundball, 6MD)
Batting: RHB Donnie Bryan 0-0: Ball
1-0: Swinging Strike
1-1: Swinging Strike
1-2: Foul Ball, location: 2F
1-2: Strikes out swinging
Batting: LHB Michael Keller 0-0: Ball
1-0: Ball
2-0: SINGLE (Flyball, 8RS)
Bo Long to second
Batting: RHB Alejandro Vélez 0-0: Called Strike
0-1: Ball
1-1: Ball
Wild Pitch!
Bo Long to third
Michael Keller to second
2-1: Foul Ball, location: 2F
2-2: Foul Ball, location: 2F
2-2: Ball
3-2: Strikes out looking
Batting: LHB Mac Little 0-0: Ball
1-0: SINGLE (Line Drive, 4D)
Bo Long scores
Michael Keller to third
Batting: LHB John Tidwell 0-0: Called Strike
0-1: Ball
1-1: Called Strike
1-2: Foul Ball, location: 2F
1-2: Ball
2-2: Ball
3-2: Strikes out swinging
Top of the 9th over - 1 run, 3 hits, 0 errors, 2 left on base; Broken Arrow HS 4 - Indianapolis HS 11
Saturday, April 7th, 2018 - OOTP Baseball 18.8 Build 76